Construct Infanterie Kompanie
Selects Luftwaffe Battlegroup
Selects Luftwaffe Pioneer Support
Selects LG40 Recoilless Gun Paradrop
LG40 Recoilless Gun Paradrop
Construct Luftwaffe Kompanie
LG40 Recoilless Gun Paradrop
LG40 Recoilless Gun Paradrop
Luftwaffe Officer Quarters
Construct Panzergrenadier Kompanie
Selects Infantry Reserves
Selects Stuka Strafing Run
LG40 Recoilless Gun Paradrop
Panzergrenadier Officer Quarters
Selects Fallschirmjäger Squad Paradrop
Nebelwerfer 42 Rocket Launcher Team
Construct Panzer Kompanie
Infanterie Officer Quarters